[Event "ICC tourney 2721 (40 10)"]
[Site "Internet Chess Club"]
[Date "2021.10.30"]
[Round "2"]
[White "Fong, Kevin:kleong12"]
[Black "BRUDNO, STEPHEN:StevChess01"]
[Result "1-0"]
[ICCResult "Black checkmated"]
[WhiteElo "1759"]
[BlackElo "1607"]
[Opening "Sicilian: O'Kelly variation"]
[ECO "B28"]
[NIC "SI.43"]
[Time "13:15:35"]
[PlyCount "57"]
[TimeControl "2400+10"]

1. e4 c5 2. Nf3 a6 3. c3 e6 4. d4 d5 5. exd5 Qxd5 6. Be3 cxd4 7. cxd4 Nc6 8.
Nc3 Qd8 9. Bd3 Nf6 10. O-O Bd6 11. a3 O-O 12. Bc2 b5 13. Qd3 g6 14. Bg5 Be7
15. Rfe1 Bb7 16. Bb3 Re8 17. Rad1 Qb6 18. Qe3 Rad8 19. Bxe6 fxe6 20. Qxe6+
Kg7 21. d5 Qc5 22. dxc6 Rxd1 23. Nxd1 Bxc6 24. Ne5 Bd5 25. Bxf6+ Bxf6 26.
Qxe8 Bb3 27. Nc3 Qd4 28. Nd7 Bf7 29. Qf8# {Black checkmated} 1-0

[Event "ICC tourney 2721 (40 10)"]
[Site "Internet Chess Club"]
[Date "2021.10.30"]
[Round "2"]
[White "HE, EDEN:edenhe"]
[Black "GAUDEAU, ALAIN D H:attalone"]
[Result "0-1"]
[ICCResult "White checkmated"]
[WhiteElo "1461"]
[BlackElo "1650"]
[Opening "QGD: classical variation (5.Bf4)"]
[ECO "D37"]
[NIC "QO.17"]
[Time "13:15:35"]
[PlyCount "122"]
[TimeControl "2400+10"]

1. d4 e6 2. c4 d5 3. Nf3 Nf6 4. Nc3 Be7 5. Bf4 a6 6. e3 O-O 7. Be2 dxc4 8.
Bxc4 b5 9. Bb3 Bb7 10. O-O c5 11. dxc5 Bxc5 12. Qe2 Be7 13. Rfd1 Qa5 14.
Rac1 Nbd7 15. Ne5 Rad8 16. Bg3 Nxe5 17. Bxe5 b4 18. Bxf6 Bxf6 19. Na4 Qg5
20. e4 g6 21. Rc5 Rxd1+ 22. Bxd1 Qf4 23. Qf3 Qxe4 24. Qxe4 Bxe4 25. Rc4 Rd8
26. Be2 Bd5 27. Rxb4 Bxa2 28. Bxa6 Rd1+ 29. Bf1 Bb1 30. Rb3 Bc2 31. Ra3 Rb1
32. Nb6 Bxb2 33. Rf3 Bd4 34. Nc4 Ba4 35. Na3 Rc1 36. Rd3 Bc5 37. Rd8+ Kg7
38. Nc4 Bb5 39. Nd2 h5 40. Rb8 Bd3 41. Rb3 Bf5 42. Rf3 Rc2 43. Nb3 Bb6 44.
h3 e5 45. h4 e4 46. Rf4 Rc3 47. Nd2 e3 48. Nc4 exf2+ 49. Kh1 Ba7 50. Nd6 Rc1
51. Nxf5+ gxf5 52. Rxf5 Rxf1+ 53. Kh2 Ra1 54. Rg5+ Kh6 55. Kg3 f1=Q 56. Kh3
Qd3+ 57. Kh2 Bb8+ 58. g3 Ra2+ 59. Kh3 Qd7+ 60. Rf5 Qxf5+ 61. g4 Qxg4#
{White checkmated}
0-1

[Event "ICC tourney 2721 (40 10)"]
[Site "Internet Chess Club"]
[Date "2021.10.30"]
[Round "2"]
[White "KUSHWAHA, SOUMIL:SK-2005"]
[Black "QI, JENNY:eevee11"]
[Result "1-0"]
[ICCResult "Black checkmated"]
[WhiteElo "1668"]
[BlackElo "1394"]
[Opening "Two knights defense (Modern bishop's opening)"]
[ECO "C55"]
[NIC "IG.01"]
[Time "13:15:15"]
[PlyCount "135"]
[TimeControl "2400+10"]

1. e4 e5 2. Nf3 Nc6 3. Bc4 Nf6 4. d3 Be7 5. O-O O-O 6. c3 d6 7. Re1 Kh8 8.
d4 Bg4 9. d5 Na5 10. Bd3 b6 11. Nbd2 Ng8 12. h3 Bd7 13. b4 Nb7 14. Qc2 a5
15. a3 axb4 16. cxb4 Qc8 17. Bb2 f5 18. Nf1 fxe4 19. Bxe4 Nf6 20. Ng3 Nxe4
21. Nxe4 c6 22. Neg5 Bf5 23. Qxc6 Qxc6 24. dxc6 Nd8 25. b5 Bd3 26. a4 Bc2
27. a5 bxa5 28. Rec1 Bd3 29. b6 h6 30. b7 Nxb7 31. cxb7 Rab8 32. Ne6 Rg8 33.
Rxa5 Rxb7 34. Ba3 Bf5 35. Nc7 Rc8 36. Nd5 Rxc1+ 37. Bxc1 Bf8 38. Kh2 Be4 39.
Be3 Bxf3 40. gxf3 Rf7 41. Kg3 Be7 42. Nxe7 Rxe7 43. Rd5 Re6 44. Kg4 Kg8 45.
Kf5 Kf7 46. f4 Rf6+ 47. Ke4 exf4 48. Bxf4 g5 49. Bxd6 Kg6 50. Bg3 Kh5 51.
Ke5 Rf3 52. Rd6 Rf8 53. Rf6 Rxf6 54. Kxf6 g4 55. hxg4+ Kxg4 56. Kg6 h5 57.
Kf6 h4 58. Bxh4 Kxh4 59. f4 Kh5 60. f5 Kh6 61. Ke7 Kg7 62. f6+ Kh8 63. f7
Kh7 64. f8=Q Kg6 65. Qf6+ Kh7 66. Qg5 Kh8 67. Kf7 Kh7 68. Qh4#
{Black checkmated}
1-0

[Event "ICC tourney 2721 (40 10)"]
[Site "Internet Chess Club"]
[Date "2021.10.30"]
[Round "2"]
[White "ZHANG, FRED:Fredzhang"]
[Black "BAYYARAPU, MOHIT SREEJAN:mohitbayyarapu"]
[Result "1/2-1/2"]
[ICCResult "Game drawn by mutual agreement"]
[WhiteElo "1509"]
[BlackElo "1670"]
[Opening "Sicilian: Kan, 5.Nc3"]
[ECO "B43"]
[NIC "SI.43"]
[Time "13:15:15"]
[PlyCount "92"]
[TimeControl "2400+10"]

1. e4 c5 2. Nf3 e6 3. Nc3 a6 4. d4 cxd4 5. Nxd4 Qc7 6. Be3 Bb4 7. Qd2 Nf6 8.
f3 d5 9. Bd3 Bxc3 10. Qxc3 Qxc3+ 11. bxc3 Nbd7 12. O-O O-O 13. Bg5 h6 14.
Bxf6 Nxf6 15. Rfe1 Rd8 16. e5 Nd7 17. Nb3 b6 18. f4 Bb7 19. a4 Rac8 20. Re3
Rc7 21. a5 b5 22. f5 Kh8 23. fxe6 fxe6 24. Nd4 Nc5 25. Bg6 Rf8 26. Rf1 Rxf1+
27. Kxf1 Kg8 28. Rf3 Re7 29. Nb3 Nd7 30. Re3 Nf8 31. Bd3 Rf7+ 32. Rf3 Nd7
33. Bh7+ Kf8 34. Nd4 Rxf3+ 35. Nxf3 Kf7 36. Bd3 Nc5 37. Nd4 Ke7 38. Kf2 Na4
39. Ne2 Nc5 40. Nd4 g5 41. h3 Nd7 42. Nf3 Nb8 43. Nd4 Nc6 44. Nxc6+ Bxc6 45.
g4 Be8 46. Ke3 Kd7 {Game drawn by mutual agreement} 1/2-1/2

[Event "ICC tourney 2721 (40 10)"]
[Site "Internet Chess Club"]
[Date "2021.10.30"]
[Round "2"]
[White "CHANDI, ISHNOOR SINGH:Ishnoor"]
[Black "WANG, JESSICA:crazyhorse9"]
[Result "0-1"]
[ICCResult "White forfeits on time"]
[WhiteElo "1632"]
[BlackElo "1500"]
[Opening "Scotch gambit: Dubois-Réti defense"]
[ECO "C55"]
[NIC "KP.02"]
[Time "13:15:36"]
[PlyCount "54"]
[TimeControl "2400+10"]

1. e4 e5 2. d4 exd4 3. Nf3 Nc6 4. Bc4 Nf6 5. e5 d5 6. Bb5 Ne4 7. Nxd4 Bd7 8.
Bxc6 bxc6 9. O-O Be7 10. f3 Nc5 11. Be3 O-O 12. f4 f6 13. Nd2 Rb8 14. N2b3
Qc8 15. Qd2 Ne4 16. Qe2 c5 17. Nf3 Bb5 18. Qd1 d4 19. Re1 Rd8 20. Bf2 Nxf2
21. Kxf2 c4 22. a4 Ba6 23. exf6 Bxf6 24. Nc5 d3 25. Rb1 Qf5 26. Ne4 Bxb2 27.
h3 c3 {White forfeits on time} 0-1

[Event "ICC tourney 2721 (40 10)"]
[Site "Internet Chess Club"]
[Date "2021.10.30"]
[Round "3"]
[White "JING, ANDREW:andrewj508"]
[Black "GUTIERREZ, AUGUSTO E:elytito2017"]
[Result "1-0"]
[ICCResult "Black resigns"]
[WhiteElo "1612"]
[BlackElo "1787"]
[Opening "Two knights defense (Modern bishop's opening)"]
[ECO "C55"]
[NIC "IG.01"]
[Time "15:30:29"]
[PlyCount "47"]
[TimeControl "2400+10"]

1. e4 e5 2. Nf3 Nc6 3. Bc4 Nf6 4. d3 Be7 5. O-O O-O 6. Nc3 d6 7. Be3 Na5 8.
Bb3 c6 9. Bg5 Bg4 10. h3 Bh5 11. Re1 h6 12. Bh4 Qc7 13. Bg3 Nxb3 14. axb3 c5
15. Bh4 Ne8 16. Bxe7 Qxe7 17. Nd5 Qd7 18. Nb6 axb6 19. Rxa8 f5 20. Nxe5 dxe5
21. Qxh5 fxe4 22. Rxe4 Kh7 23. Qxe5 Nf6 24. Rxf8 {Black resigns} 1-0

[Event "ICC tourney 2721 (40 10)"]
[Site "Internet Chess Club"]
[Date "2021.10.30"]
[Round "3"]
[White "XIA, JOSHUA:MathMonkey"]
[Black "RAVIND G N, RICNESH:RickyCarlsen"]
[Result "0-1"]
[ICCResult "White checkmated"]
[WhiteElo "1472"]
[BlackElo "1700"]
[Opening "French: exchange variation"]
[ECO "C01"]
[NIC "FR.01"]
[Time "15:30:26"]
[PlyCount "46"]
[TimeControl "2400+10"]

1. e4 e6 2. d4 d5 3. exd5 exd5 4. Nf3 Nf6 5. Bd3 Bd6 6. Qe2+ Be6 7. Nc3 O-O
8. O-O Re8 9. Be3 Ng4 10. Bxh7+ Kxh7 11. Ng5+ Kg8 12. Nxe6 Bxh2+ 13. Kh1 Qh4
14. Bg5 Qh5 15. g3 Rxe6 16. Qd2 Qh3 17. f3 Bxg3+ 18. Kg1 Bh2+ 19. Kh1 Bf4+
20. Kg1 Bxd2 21. fxg4 Qg3+ 22. Kh1 Bxg5 23. Ne4 Rh6# {White checkmated} 0-1

[Event "ICC tourney 2721 (40 10)"]
[Site "Internet Chess Club"]
[Date "2021.10.30"]
[Round "3"]
[White "XU, JOEY:JoeyXu"]
[Black "HANKE, HARVEY:ThinkingPanda"]
[Result "0-1"]
[ICCResult "White checkmated"]
[WhiteElo "1391"]
[BlackElo "1536"]
[Opening "Scotch gambit: Cochrane-Shumov defense"]
[ECO "C44"]
[NIC "SO.06"]
[Time "15:30:21"]
[PlyCount "96"]
[TimeControl "2400+10"]

1. e4 e5 2. Nf3 Nc6 3. d4 exd4 4. Bc4 Bc5 5. Ng5 Nh6 6. Nxf7 Nxf7 7. Bxf7+
Kxf7 8. Qh5+ g6 9. Qxc5 d5 10. O-O dxe4 11. Re1 Bf5 12. Bf4 Re8 13. Nd2 Rc8
14. Qc4+ Kg7 15. Nb3 Qf6 16. Rad1 Be6 17. Qb5 Qxf4 18. Qxb7 Bxb3 19. axb3
Qf6 20. Qa6 Rb8 21. Qc4 Re6 22. c3 Rd8 23. cxd4 Red6 24. d5 Qf5 25. Qc3+ Qe5
26. dxc6 Qxc3 27. bxc3 Rxd1 28. Kf1 Rxe1+ 29. Kxe1 Rd3 30. Ke2 Rxc3 31. f3
exf3+ 32. gxf3 Rxb3 33. f4 Rc3 34. h4 Rxc6 35. f5 gxf5 36. h5 a5 37. h6+
Kxh6 38. Kd3 a4 39. Kd4 a3 40. Kd5 Rc1 41. Ke6 a2 42. Kf7 a1=Q 43. Kf8 Qf6+
44. Ke8 Re1+ 45. Kd7 Qe6+ 46. Kd8 Rd1+ 47. Kxc7 Rd7+ 48. Kb8 Qe8#
{White checkmated}
0-1

[Event "ICC tourney 2721 (40 10)"]
[Site "Internet Chess Club"]
[Date "2021.10.30"]
[Round "3"]
[White "TANG, DYLAN:ruitang"]
[Black "ACKERMAN, RYAN:RyanTime"]
[Result "0-1"]
[ICCResult "White resigns"]
[WhiteElo "1504"]
[BlackElo "1744"]
[Opening "French: exchange variation"]
[ECO "C01"]
[NIC "FR.01"]
[Time "15:30:47"]
[PlyCount "40"]
[TimeControl "2400+10"]

1. e4 e6 2. d4 d5 3. exd5 exd5 4. Nf3 Bd6 5. Bd3 Ne7 6. O-O Nbc6 7. c3 Bg4
8. h3 Bh5 9. Be3 Qd7 10. Nbd2 f6 11. Be2 O-O-O 12. b4 Nf5 13. b5 Nce7 14.
Qb3 Nxe3 15. fxe3 Nf5 16. Ne5 fxe5 17. Bxh5 Nxe3 18. Rf7 Qe6 19. Rf3 Qh6 20.
Bg4+ Nxg4 {White resigns} 0-1

[Event "ICC tourney 2721 (40 10)"]
[Site "Internet Chess Club"]
[Date "2021.10.30"]
[Round "3"]
[White "MOGILEVSKI, PETE:pmogilevski"]
[Black "Fong, Kevin:kleong12"]
[Result "0-1"]
[ICCResult "White checkmated"]
[WhiteElo "1543"]
[BlackElo "1759"]
[Opening "Réti opening"]
[ECO "A05"]
[NIC "QP.11"]
[Time "15:30:32"]
[PlyCount "54"]
[TimeControl "2400+10"]

1. Nf3 Nf6 2. g3 b6 3. Bg2 Bb7 4. d3 d5 5. O-O e6 6. Re1 Nbd7 7. Nbd2 Bc5 8.
e4 dxe4 9. Nxe4 Nxe4 10. dxe4 O-O 11. Be3 Qe7 12. Bxc5 Nxc5 13. Nd2 a5 14.
Nf1 a4 15. a3 Rfd8 16. Qg4 h6 17. Rad1 Rd7 18. Rxd7 Qxd7 19. Qe2 Rd8 20. Rb1
Qd4 21. c3 Qd7 22. e5 Bxg2 23. Kxg2 Qd5+ 24. Kg1 Ne4 25. Re1 Ng5 26. Ne3
Nh3+ 27. Kf1 Qh1# {White checkmated} 0-1

[Event "ICC tourney 2721 (40 10)"]
[Site "Internet Chess Club"]
[Date "2021.10.30"]
[Round "3"]
[White "REDDY, TANVI CHINTHAGUNTA:tcrgm"]
[Black "HE, EDEN:edenhe"]
[Result "0-1"]
[ICCResult "White forfeits on time"]
[WhiteElo "1609"]
[BlackElo "1461"]
[Opening "French: advance, Paulsen attack"]
[ECO "C02"]
[NIC "FR.03"]
[Time "15:30:18"]
[PlyCount "54"]
[TimeControl "2400+10"]

1. e4 e6 2. d4 d5 3. e5 c5 4. c3 Nc6 5. Nf3 Qb6 6. Be2 cxd4 7. cxd4 Nge7 8.
b3 Nf5 9. Bb2 Bb4+ 10. Nc3 Nfxd4 11. Nxd4 Nxd4 12. O-O O-O 13. Bd3 Nc6 14.
Qh5 h6 15. Ne2 Bd7 16. Bc1 f5 17. exf6 Rxf6 18. g4 Raf8 19. Be3 Bc5 20. Bxc5
Qxc5 21. Qh4 Ne5 22. Qg3 Rf3 23. Qxe5 Rxd3 24. Rac1 Qb6 25. Rc7 Rf7 26. Nf4
Rf3 27. Nh5 Rxf2 {White forfeits on time} 0-1

[Event "ICC tourney 2721 (40 10)"]
[Site "Internet Chess Club"]
[Date "2021.10.30"]
[Round "3"]
[White "WANG, JESSICA:crazyhorse9"]
[Black "ZHANG, FRED:Fredzhang"]
[Result "1/2-1/2"]
[ICCResult "Game drawn by repetition"]
[WhiteElo "1500"]
[BlackElo "1509"]
[Opening "King's pawn opening"]
[ECO "B07"]
[NIC "VO.17"]
[Time "15:30:46"]
[PlyCount "68"]
[TimeControl "2400+10"]

1. e4 d6 2. g3 Nf6 3. Bg2 Nc6 4. d4 e5 5. c3 Be7 6. Ne2 O-O 7. O-O Bg4 8.
Be3 d5 9. f3 Be6 10. Qc2 exd4 11. cxd4 dxe4 12. fxe4 Ng4 13. Qc1 Nxe3 14.
Qxe3 Nb4 15. d5 Nc2 16. Qc1 Nxa1 17. dxe6 fxe6 18. Rd1 Bg5 19. Rxd8 Bxc1 20.
Rxf8+ Rxf8 21. Nxc1 Rd8 22. Nc3 c6 23. e5 Rd2 24. N1e2 Rxb2 25. Bh3 Kf7 26.
Nd4 Nc2 27. Nxe6 Nb4 28. a4 Nd5 29. Ne4 Rb1+ 30. Kf2 Rb2+ 31. Kg1 Rb1+ 32.
Kf2 Rb2+ 33. Kg1 Rb1+ 34. Kf2 Rb2+ {Game drawn by repetition} 1/2-1/2

[Event "ICC tourney 2721 (40 10)"]
[Site "Internet Chess Club"]
[Date "2021.10.30"]
[Round "3"]
[White "THAIN, JACK:jt1819"]
[Black "SZERENCSY, IAN:iszerencsy"]
[Result "0-1"]
[ICCResult "White resigns"]
[WhiteElo "1719"]
[BlackElo "1672"]
[Opening "Sicilian: Grand Prix attack"]
[ECO "B21"]
[NIC "SI.48"]
[Time "15:30:22"]
[PlyCount "102"]
[TimeControl "2400+10"]

1. e4 c5 2. f4 e6 3. Nc3 a6 4. Nf3 d5 5. d3 Nc6 6. g3 Nf6 7. e5 Nd7 8. Bg2
Be7 9. O-O O-O 10. a4 f6 11. exf6 Bxf6 12. Re1 Nd4 13. Nxd4 Bxd4+ 14. Kh1
Nf6 15. Ne2 Ng4 16. Rf1 Nf2+ 17. Rxf2 Bxf2 18. c3 d4 19. Qf1 Be3 20. Bxe3
dxe3 21. d4 cxd4 22. cxd4 Qb6 23. Qc1 Bd7 24. Qxe3 Qxb2 25. Re1 Rac8 26. Bh3
Kh8 27. d5 Rc2 28. dxe6 Bxa4 29. e7 Re8 30. Qe6 Qf6 31. Qxf6 gxf6 32. Nd4
Rc7 33. Nf5 Bc2 34. Nd4 Bd3 35. Bf5 Bc4 36. Be6 Rcxe7 37. f5 Kg7 38. Rc1
Bxe6 39. Nxe6+ Kh8 40. Kg2 b5 41. Ra1 Rxe6 42. fxe6 Rxe6 43. Kf3 Kg7 44. h4
Kg6 45. g4 h5 46. gxh5+ Kxh5 47. Kf4 Rb6 48. Rg1 b4 49. Rg8 b3 50. Kf5 Kxh4
51. Kf4 Rb4+ {White resigns} 0-1

[Event "ICC tourney 2721 (40 10)"]
[Site "Internet Chess Club"]
[Date "2021.10.30"]
[Round "3"]
[White "LIU, PATRICK PEIJUN:JunlinTheWorld"]
[Black "WILLY, STEPHEN:stephenwilly"]
[Result "0-1"]
[ICCResult "White checkmated"]
[WhiteElo "1787"]
[BlackElo "1685"]
[Opening "Queen's gambit declined"]
[ECO "D30"]
[NIC "QP.08"]
[Time "15:30:32"]
[PlyCount "122"]
[TimeControl "2400+10"]

1. d4 d5 2. c4 e6 3. Nf3 Nf6 4. g3 c6 5. Bg2 Be7 6. O-O dxc4 7. Nbd2 b5 8.
a4 Qb6 9. Ne5 Bb7 10. a5 Qc7 11. a6 Nxa6 12. Rxa6 c5 13. Ra1 Bxg2 14. Kxg2
cxd4 15. Ndf3 Rd8 16. Bd2 Bc5 17. Ba5 Bb6 18. Bd2 O-O 19. Bg5 h6 20. Bxf6
gxf6 21. Ng4 f5 22. Nxh6+ Kg7 23. Qd2 f6 24. g4 f4 25. g5 fxg5 26. Ng4 Qc5
27. Rg1 Rh8 28. Kh1 Rh5 29. Nge5 Kf6 30. Rxg5 Rxg5 31. Qxf4+ Rf5 32. Qh4+
Kg7 33. Rg1+ Kf8 34. Qh6+ Ke7 35. Rg6 Rxe5 36. Rg7+ Kd6 37. Qf4 Bc7 38. Rg5
Kc6 39. Nxe5+ Kb7 40. Nf7 Qc6+ 41. Qf3 Qxf3+ 42. exf3 Rf8 43. Rg7 d3 44.
Nd6+ Kc6 45. Ne4 Rxf3 46. Kg2 Rf4 47. Nd2 Be5 48. Rxa7 Bd4 49. Ra6+ Kb7 50.
Kg3 Rxf2 51. Ra5 Kb6 52. Ne4 Re2 53. Ra8 Rxe4 54. Rb8+ Ka5 55. Ra8+ Kb4 56.
h4 d2 57. Ra1 Re1 58. h5 Rxa1 59. h6 d1=Q 60. Kf4 Qd2+ 61. Ke4 Qe3#
{White checkmated}
0-1

[Event "ICC tourney 2721 (40 10)"]
[Site "Internet Chess Club"]
[Date "2021.10.30"]
[Round "3"]
[White "ZHUGE, KATHERINE:FlowingMelody"]
[Black "SKARIAH, ANUSHKA ELIZABETH:kskariah"]
[Result "0-1"]
[ICCResult "White resigns"]
[WhiteElo "1453"]
[BlackElo "1550"]
[Opening "French: Steinitz variation"]
[ECO "C11"]
[NIC "FR.04"]
[Time "15:31:14"]
[PlyCount "90"]
[TimeControl "2400+10"]

1. e4 e6 2. d4 d5 3. Nc3 Nf6 4. e5 Nfd7 5. Nf3 c5 6. Ne2 Nc6 7. c3 Qb6 8.
Ng3 Be7 9. Be2 cxd4 10. cxd4 Bb4+ 11. Bd2 Nxd4 12. O-O Nxf3+ 13. Bxf3 Nxe5
14. Be3 Bc5 15. Bxc5 Qxc5 16. Rc1 Qd6 17. Be2 Bd7 18. Qd4 O-O 19. Rfe1 Nc6
20. Qd2 e5 21. Bf3 d4 22. Ne4 Qe7 23. Nc5 Bf5 24. Nxb7 Nb4 25. Nc5 Rab8 26.
a3 Na2 27. Ne4 Nxc1 28. Rxc1 Rfc8 29. Re1 f6 30. Ng3 Be6 31. Be4 Rc5 32. Bd3
Rbc8 33. Ne4 R5c7 34. b4 Bc4 35. Bxc4+ Rxc4 36. Nc5 Qd6 37. Qd3 Rc3 38. Qd2
Qd5 39. Qb2 Qc4 40. g3 Rc2 41. Qb1 d3 42. Rd1 Rd8 43. Nb3 d2 44. Na5 Qc3 45.
Nb3 Rb2 {White resigns} 0-1

[Event "ICC tourney 2721 (40 10)"]
[Site "Internet Chess Club"]
[Date "2021.10.30"]
[Round "3"]
[White "WU, WENTAO:Threehundreds"]
[Black "KUSHWAHA, SOUMIL:SK-2005"]
[Result "0-1"]
[ICCResult "White resigns"]
[WhiteElo "1466"]
[BlackElo "1668"]
[Opening "Ruy Lopez: Berlin defense, open variation"]
[ECO "C67"]
[NIC "RL.07"]
[Time "15:31:14"]
[PlyCount "180"]
[TimeControl "2400+10"]

1. e4 e5 2. Nf3 Nc6 3. Bb5 Nf6 4. O-O Nxe4 5. Re1 Nd6 6. Nxe5 Nxe5 7. Rxe5+
Be7 8. Bf1 O-O 9. Nc3 Bf6 10. Re1 Bd4 11. d3 Qf6 12. Qd2 c6 13. Qf4 Bxc3 14.
bxc3 Qxc3 15. Qxd6 Qxe1 16. Ba3 Qe8 17. Qf4 b6 18. Bxf8 Qxf8 19. g3 d5 20.
Re1 Be6 21. Bg2 Rc8 22. Qa4 Rc7 23. Rb1 h6 24. Qf4 Qd8 25. Qb4 c5 26. Qa4 d4
27. Re1 Qd7 28. Qa3 Qb5 29. Ra1 Qb4 30. Qc1 Re7 31. a3 Qa4 32. c3 Bf5 33.
Qd2 Rd7 34. Bf1 dxc3 35. Qxc3 Qd4 36. Qe1 Bxd3 37. Rd1 c4 38. Qb4 Qd6 39.
Qc3 Qe6 40. Bxd3 Rxd3 41. Rxd3 cxd3 42. Qxd3 Qe7 43. Qa6 Qd7 44. Qe2 Kf8 45.
Qb2 Qd6 46. Qb3 Ke7 47. Qe3+ Kd7 48. Qc3 g6 49. a4 h5 50. Qc4 Ke7 51. Qa6
Qd7 52. Qe2+ Kf8 53. Qa6 Kg7 54. Qc4 a5 55. Qc3+ Kh7 56. Qb3 Qe6 57. Qb5 Kh6
58. Kg2 g5 59. Qb2 f6 60. Qc1 Kg6 61. Qb1+ f5 62. Qb5 Kf7 63. Qa6 Kf6 64.
Qa7 Kg6 65. Qb8 Qf6 66. Qg8+ Kh6 67. Qc4 f4 68. Qb3 Qc6+ 69. f3 fxg3 70.
hxg3 g4 71. Qe3+ Kg6 72. Qd3+ Kf6 73. Qd8+ Kf7 74. Qg5 Qxf3+ 75. Kh2 Qf2+
76. Kh1 Qf1+ 77. Kh2 Qh3+ 78. Kg1 Qxg3+ 79. Kf1 Qf3+ 80. Ke1 Qe4+ 81. Kf1
Qc4+ 82. Kg2 Qc6+ 83. Kg3 Qd6+ 84. Kg2 Qc6+ 85. Kg3 Qf3+ 86. Kh2 g3+ 87. Kh3
Qh1+ 88. Kxg3 Qg1+ 89. Kh4 Qxg5+ 90. Kxg5 Ke6 {White resigns} 0-1

[Event "ICC tourney 2721 (40 10)"]
[Site "Internet Chess Club"]
[Date "2021.10.30"]
[Round "3"]
[White "HOSUR, SANMITA:phosur"]
[Black "VALE CRUZ, ARMIN:trucker"]
[Result "0-1"]
[ICCResult "White checkmated"]
[WhiteElo "1171"]
[BlackElo "1701"]
[Opening "QGD: Cambridge Springs defense"]
[ECO "D52"]
[NIC "QO.15"]
[Time "15:30:22"]
[PlyCount "118"]
[TimeControl "2400+10"]

1. d4 d5 2. c4 e6 3. Nc3 Nf6 4. Bg5 Nbd7 5. Nf3 c6 6. e3 Qa5 7. a3 Ne4 8.
Qc2 Nxg5 9. Nxg5 dxc4 10. Bxc4 Qxg5 11. O-O Nf6 12. Rad1 Bd6 13. e4 Bxh2+
14. Kxh2 Qh4+ 15. Kg1 Ng4 16. Rfe1 Qh2+ 17. Kf1 Qh1+ 18. Ke2 Qxg2 19. Rf1 e5
20. d5 Nh2 21. Rg1 Bg4+ 22. Ke3 Qf3+ 23. Kd2 Qf4+ 24. Kd3 f5 25. Ra1 Rd8 26.
Qd2 cxd5 27. Bb5+ Kf7 28. Qxf4 dxe4+ 29. Kc2 exf4 30. Bc4+ Kf6 31. Be2 Nf3
32. Bxf3 Bxf3 33. Rge1 h5 34. b4 Rd3 35. Ne2 Rc8+ 36. Kb1 Bxe2 37. Rxe2 Rd1+
38. Kb2 Rxa1 39. Kxa1 f3 40. Rd2 Rc7 41. Kb2 f4 42. Rd4 Ke5 43. Rd8 e3 44.
Re8+ Kd4 45. Rd8+ Ke4 46. Re8+ Kd3 47. fxe3 fxe3 48. Rf8 f2 49. Rf3 Ke2 50.
Rf4 f1=Q 51. Rxf1 Kxf1 52. Kb3 e2 53. Ka4 e1=Q 54. b5 Rc4+ 55. Kb3 Qc3+ 56.
Ka2 Qc2+ 57. Ka1 Qd1+ 58. Kb2 Qd2+ 59. Kb3 Qc2# {White checkmated} 0-1

[Event "ICC tourney 2721 (40 10)"]
[Site "Internet Chess Club"]
[Date "2021.10.30"]
[Round "3"]
[White "BRUDNO, STEPHEN:StevChess01"]
[Black "Liao, Connor:che2468"]
[Result "0-1"]
[ICCResult "White forfeits on time"]
[WhiteElo "1607"]
[BlackElo "1452"]
[Opening "QGD: Cambridge Springs defense, Yugoslav variation"]
[ECO "D52"]
[NIC "QO.15"]
[Time "15:30:24"]
[PlyCount "118"]
[TimeControl "2400+10"]

1. d4 d5 2. c4 c6 3. Nf3 Nf6 4. Nc3 e6 5. Bg5 Nbd7 6. e3 Qa5 7. cxd5 Nxd5 8.
Qc2 Bb4 9. Rc1 O-O 10. Bd3 h6 11. Bh4 Re8 12. O-O Be7 13. Bg3 Nb4 14. Qd2
Nxd3 15. Qxd3 Bf6 16. Qc4 e5 17. b4 Qd8 18. Rfd1 Nb6 19. Qf1 e4 20. Nd2 Bf5
21. Nb3 Nd5 22. Nxd5 Qxd5 23. Rc5 Qd7 24. Rc3 Bg5 25. Nc5 Qc8 26. Rdc1 Be6
27. Nxe4 Be7 28. a3 Rd8 29. Nc5 Bd5 30. Nd3 a5 31. b5 Qe6 32. Nf4 Qd7 33.
Nxd5 Qxd5 34. bxc6 bxc6 35. a4 Rdc8 36. Qc4 Qd7 37. Rb3 Bb4 38. Rd3 Qe8 39.
Qb3 Qe7 40. f3 Ra7 41. Qc4 c5 42. d5 Qg5 43. Bf4 Qf5 44. d6 Rd7 45. Rcd1
Rcd8 46. Rd5 Qf6 47. Be5 Qe6 48. e4 h5 49. Qe2 h4 50. Rc1 g5 51. Qe3 f6 52.
Bc3 Kf7 53. Bxb4 cxb4 54. Rxa5 Rxd6 55. h3 Rd1+ 56. Rxd1 Rxd1+ 57. Kf2 Qa2+
58. Qe2 Rd2 59. Ra7+ Kg6 {White forfeits on time} 0-1

[Event "ICC tourney 2721 (40 10)"]
[Site "Internet Chess Club"]
[Date "2021.10.30"]
[Round "3"]
[White "BAYYARAPU, MOHIT SREEJAN:mohitbayyarapu"]
[Black "WAKIDA, KEN:Yamato1945"]
[Result "0-1"]
[ICCResult "White forfeits on time"]
[WhiteElo "1670"]
[BlackElo "1434"]
[Opening "Caro-Kann: classical variation"]
[ECO "B18"]
[NIC "CK.10"]
[Time "15:30:21"]
[PlyCount "174"]
[TimeControl "2400+10"]

1. e4 c6 2. d4 d5 3. Nc3 dxe4 4. Nxe4 Bf5 5. Ng3 Bg6 6. Bc4 Nf6 7. N1e2 h6
8. Nf4 Bh7 9. O-O e6 10. Re1 Be7 11. c3 Nd5 12. Ngh5 O-O 13. Nxd5 cxd5 14.
Bd3 Re8 15. Bxh7+ Kxh7 16. Qf3 Rf8 17. Qg4 Bf6 18. Re3 Rg8 19. Rh3 Nd7 20.
Ng3 g5 21. Qf3 Rg6 22. Qd3 Bg7 23. Nh5 f5 24. Rg3 Qe8 25. Re3 Nf6 26. Nxf6+
Bxf6 27. Re2 Qf7 28. Bd2 Kg7 29. Rae1 Re8 30. a3 a6 31. c4 dxc4 32. Qxc4 b5
33. Qc5 Qd7 34. d5 e5 35. Qc6 Qxc6 36. dxc6 Rc8 37. Rc1 e4 38. Ba5 Bxb2 39.
Rxb2 Rgxc6 40. Rd1 Rc1 41. Rd2 R8c2 42. Rd7+ Kg6 43. Kf1 Rxd1+ 44. Rxd1 f4
45. Rd6+ Kh5 46. Rxa6 f3 47. gxf3 exf3 48. Rf6 Rc1+ 49. Be1 g4 50. Rf5+ Kh4
51. Rxb5 Ra1 52. a4 Rxa4 53. Rb1 Re4 54. Ba5 Re5 55. Bd8+ Kh3 56. Bf6 Rf5
57. Be7 Re5 58. Bd6 Rd5 59. Bf4 h5 60. Rc1 Rf5 61. Bc7 Rd5 62. Bg3 Rf5 63.
Rc6 Rg5 64. Ke1 Rd5 65. Rh6 Kg2 66. Rc6 Kh3 67. Rg6 Kg2 68. Rc6 Kh3 69. Rd6
Ra5 70. Rh6 Rd5 71. Rd6 Ra5 72. Re6 Ra1+ 73. Kd2 Ra2+ 74. Ke1 Ra1+ 75. Kd2
Kg2 76. Re5 Ra2+ 77. Ke1 Ra1+ 78. Kd2 Ra3 79. Ke1 Ra2 80. Re4 Ra8 81. Re5
Rh8 82. Rg5 Re8+ 83. Kd1 Rh8 84. Kd2 h4 85. Bf4 Rd8+ 86. Ke1 Re8+ 87. Be5 g3
{White forfeits on time}
0-1

[Event "ICC tourney 2721 (40 10)"]
[Site "Internet Chess Club"]
[Date "2021.10.30"]
[Round "4"]
[White "TANG, DYLAN:ruitang"]
[Black "JING, ANDREW:andrewj508"]
[Result "1/2-1/2"]
[ICCResult "Game drawn by mutual agreement"]
[WhiteElo "1504"]
[BlackElo "1612"]
[Opening "French: Tarrasch, open variation"]
[ECO "C07"]
[NIC "FR.19"]
[Time "17:45:59"]
[PlyCount "59"]
[TimeControl "2400+10"]

1. e4 e6 2. d4 d5 3. Nd2 c5 4. exd5 Qxd5 5. Ngf3 Nc6 6. Bc4 Qd8 7. O-O Nf6
8. Nb3 cxd4 9. Nbxd4 Bd7 10. Re1 Be7 11. Be3 O-O 12. c3 a6 13. Qc2 Qc7 14.
Bd3 Rad8 15. Rad1 Rfe8 16. Ng5 h6 17. Ne4 Nxe4 18. Bxe4 Bf6 19. Nb3 Bc8 20.
Re2 Rxd1+ 21. Qxd1 Rd8 22. Rd2 Rxd2 23. Qxd2 Ne5 24. Bf4 Qe7 25. Qe2 Nd7 26.
a4 Nc5 27. Nxc5 Qxc5 28. h3 e5 29. Be3 Qc7 30. Qf3
{Game drawn by mutual agreement}
1/2-1/2